 Dungeon Crawl Stone Soup version 0.28.0 (webtiles) character file.

Game seed: 14502265842255950689

19751 Strat the Martial Artist (level 12, -3/67 HPs)
             Began as a Vine Stalker Monk on Feb 14, 2022.
             Was the Champion of Okawaru.
             Slain by a culicivora (13 damage)
             ... on level 3 of the Lair of Beasts.
             The game lasted 00:27:31 (13111 turns).

Strat the Martial Artist (Vine Stalker Monk)       Turns: 13111, Time: 00:27:32

Health: -3/67      AC: 13    Str: 18    XL:     12   Next: 72%
Magic:  0/17       EV: 15    Int: 10    God:    Okawaru [******]
Gold:   776        SH:  0    Dex: 18    Spells: 11/11 levels left

rFire   + . .      SeeInvis .     - Unarmed
rCold   . . .      Faith    .   (no shield)
rNeg    . . .      Spirit   +   F - +0 swamp dragon scales
rPois   +          Reflect  .   o - +1 helmet
rElec   .          Harm     .   S - scarf {repulsion}
rCorr   .          Rampage  .   (no gloves)
Will    +....                   (no boots)
Stlth   +++.......              c - amulet of regeneration
HPRegen 1.81/turn               z - ring of protection from fire
MPRegen 0.15/turn               (no ring)

@: about to teleport, heroic, repel missiles
A: fangs 3, regeneration 1, magic shield, antimagic bite, no potion heal 2
a: Renounce Religion, Heroism, Finesse, Duel


You were on level 3 of the Lair of Beasts.
You worshipped Okawaru.
Okawaru was exalted by your worship.
You visited 2 branches of the dungeon, and saw 13 of its levels.

You collected 776 gold pieces.

Inventory:

Hand Weapons
 b - the +6 hunting sling "Lanaid" {flame, Will++ Str+4}
   (Okawaru gifted it to you on level 10 of the Dungeon)

   Any ammunition fired from it burns those it strikes, dealing additional fire
   damage.
   Str:       It affects your strength (+4).
   Will:      It greatly increases your willpower.
 K - a +1 hunting sling
Missiles
 e - 53 sling bullets
 f - 2 boomerangs of dispersal
 g - 404 stones (quivered)
 k - 8 curare-tipped darts
 q - 2 throwing nets
 A - 6 javelins
 D - 23 poisoned darts
 T - 3 silver javelins
Armour
 o - a +1 helmet (worn)
 B - a +0 cloak of preservation
 F - +0 swamp dragon scales (worn)
 R - a +1 hat of willpower
 S - a scarf of repulsion (worn)
Jewellery
 c - an amulet of regeneration (around neck)
 d - a ring of ice
 m - a +6 ring of strength
 p - an amulet of the acrobat
 z - a ring of protection from fire (left hand)
 I - a ring of protection from cold
 L - a ring of flight
 N - a ring of ice
 O - an amulet of magic regeneration
Wands
 a - a wand of acid (11)
 j - a wand of mindburst (23)
 r - a wand of flame (6)
 C - a wand of iceblast (21)
 Q - a wand of paralysis (8)
Scrolls
 s - 4 scrolls of immolation
 x - a scroll of teleportation
 y - 3 scrolls of amnesia
 E - a scroll of fog
 G - 2 scrolls of magic mapping {unknown}
 J - 2 scrolls of noise {unknown}
 M - 2 scrolls of identify
 P - 3 scrolls of holy word
Potions
 h - 2 potions of attraction
 i - a potion of flight
 l - a potion of berserk rage
 n - a potion of resistance
 t - 2 potions of curing
 u - a potion of magic {unknown}
 v - a potion of mutation
 w - 4 potions of brilliance {unknown}
 H - a potion of lignification {unknown}


   Skills:
 + Level 9.6(14.6) Fighting
 + Level 8.5(13.5) Armour
 - Level 2.4(7.4) Dodging
 - Level 2.4(7.4) Stealth
 + Level 14.1(19.1) Unarmed Combat
 - Level 6.0 Invocations


You had 11 spell levels left.
You didn't know any spells.
Your spell library contained the following spells:

 Spells                   Type           Power      Damage    Failure   Level
 Foxfire                  Conj/Fire      0%         2x1d4     50%         1
 Freeze                   Ice            0%         1d3       50%         1
 Magic Dart               Conj           0%         1d3       50%         1
 Pain                     Necr           0%         1d4       50%         1
 Slow                     Hex            0%         N/A       50%         1
 Confusing Touch          Hex            0%         N/A       86%         3
 Conjure Flame            Conj/Fire      0%         6-21      86%         3
 Frozen Ramparts          Ice            0%         1d2       86%         3
 Inner Flame              Hex/Fire       0%         N/A       86%         3
 Mephitic Cloud           Conj/Pois/Air  0%         N/A       86%         3
 Ozocubu's Armour         Ice            0%         N/A       86%         3
 Vampiric Draining        Necr           0%         2d6       86%         3
 Anguish                  Hex/Necr       0%         N/A       99%         4
 Flame Wave               Conj/Fire      0%         2d4       99%         4
 Hailstorm                Conj/Ice       0%         3d3       99%         4
 Agony                    Necr           0%         N/A       100%        5
 Excruciating Wounds      Necr           0%         N/A       100%        5
 Metabolic Englaciation   Hex/Ice        0%         N/A       100%        5
 Enfeeble                 Hex            0%         N/A       100%        7
 Call Imp                 Summ           Unusable   N/A       N/A         2
 Tukima's Dance           Hex            Unusable   N/A       N/A         3
 Simulacrum               Ice/Necr       Unusable   N/A       N/A         6

Dungeon Overview and Level Annotations

Branches:
Dungeon (10/15)            Temple (0/1) D:5            Lair (3/6) D:8
  Swamp (0/4) Lair:2
  Snake: Lair:2-4    Spider: Lair:2-4       Orc: D:9-12

Altars:
Ashenzari
Okawaru
Qazlal
Trog
Uskayaw

Shops:
D:1 (   D:3 ?


Innate Abilities, Weirdness & Mutations

You have razor-sharp teeth.
Your natural rate of healing is unusually fast.
When hurt, damage is shared between your health and your magic reserves.
Your bite disrupts and absorbs the magic of your enemies.
Potions cannot restore your health.


Message History

* * * LOW HITPOINT WARNING * * *
The culicivora draws strength from your injuries!
You hit the culicivora but do no damage.
The culicivora is severely wounded.
The culicivora closely misses you. The culicivora barely misses you.
You barely miss the culicivora.
You bite the culicivora, but do no damage.
The culicivora is heavily wounded.
The culicivora bites you!
* * * LOW HITPOINT WARNING * * *
The culicivora draws strength from your injuries!
The culicivora bites you but does no damage.
You gain the combat prowess of a mighty hero.
The culicivora bites you.
* * * LOW HITPOINT WARNING * * *
The culicivora draws strength from your injuries!
The culicivora is healed somewhat.
The culicivora barely misses you. The culicivora bites you!
* * * LOW HITPOINT WARNING * * *
The culicivora draws strength from your injuries!
You pummel the culicivora!! Your bite misses the culicivora.
The culicivora is heavily wounded.
You miss the culicivora. You punch the culicivora. You bite the culicivora!
You drain its power.
You feel invigorated.
The culicivora is heavily wounded.
The culicivora closely misses you. x2
Okay, then.
There are monsters nearby!
You miss the culicivora.
The culicivora is heavily wounded.
The culicivora bites you!!
* * * LOW HITPOINT WARNING * * *
The culicivora draws strength from your injuries!
The culicivora bites you!
* * * LOW HITPOINT WARNING * * *
The culicivora draws strength from your injuries!
As you read the scroll of teleportation, it crumbles to dust.
You feel strangely unstable.
The culicivora is healed somewhat.
The culicivora bites you!!
You die...

##.#...................P
####...................#
# ######.............P#
### #.#.............#
..# ..##.##..P.......#
.## †... ###..........#
## #... # ##.........# #
..†. #.#####......## #..
#.^† #.@s.....#
#....###s.....#
#.^..#......## #.
#.......# #.# ##.......#
# #.## .......##
#####...#. #.......#
.......... ........#
.....P...# .........#


You could see 2 culicivoras.

Vanquished Creatures
  Gastronok (Lair:2)
  Fannar (Lair:1)
  Harold (D:8)
  A hydra (Lair:2)
  A two-headed ogre (D:8)
  Erica (D:8)
  Pikel (D:7)
  Maggie (D:8)
  7 cane toads
  4 komodo dragons (Lair:2)
  A polar bear (Lair:3)
  A tyrant leech (Lair:2)
  A hornet (D:9)
  3 blink frogs (Lair:3)
  A shadow (D:10)
  2 vampires
  A basilisk (Lair:2)
  26 yaks
  A swamp worm (Lair:2)
  3 acid dragons
  8 water moccasins
  4 orc warriors
  2 sky beasts (D:6)
  3 black bears
  A necrophage (D:5)
  11 wolves
  3 ogres
  3 centaurs
  2 phantoms (D:6)
  2 lemures (D:7)
  3 kobold brigands
  8 bullfrogs
  3 scorpions
  A water moccasin zombie (D:6)
  A water moccasin skeleton (D:4)
  5 killer bees (D:9)
  An electric eel (Lair:3)
  5 wights (D:10)
  A howler monkey (D:8)
  2 centaur zombies
  7 hounds
  3 jellies (D:7)
  3 centaur skeletons
  7 orc priests
  4 iguanas
  8 orc wizards
  2 killer bee zombies
  2 howler monkey zombies (D:9)
  6 adders
  A white imp (D:7)
  An adder skeleton (D:4)
  An adder zombie (D:5)
  2 dart slugs (D:2)
  30 orcs
  5 ball pythons
  3 endoplasms
  7 giant cockroaches
  8 goblins
  A hobgoblin (D:1)
  11 jackals (D:1)
  3 quokkas
  4 bats
  A frilled lizard (D:2)
  14 kobolds
  4 rats
266 creatures vanquished.

Vanquished Creatures (others)
  2 orcs (D:8)
  A bush (Lair:2)
  24 fungi
  25 plants
52 creatures vanquished.

Grand Total: 318 creatures vanquished

Notes
Turn   | Place    | Note
-------+----------+-------------------------------------------
     0 | D:1      | Strat the Vine Stalker Monk began the quest for the Orb.
     0 | D:1      | Reached XP level 1. HP: 11/11 MP: 2/2
    56 | D:1      | Found a faded altar of an unknown god.
   260 | D:1      | Reached XP level 2. HP: 5/16 MP: 0/3
   518 | D:1      | Found Vaschuffa's Antique Weapon Shop.
  1189 | D:1      | Reached XP level 3. HP: 18/20 MP: 4/4
  1606 | D:2      | Found an iron altar of Okawaru.
  1691 | D:2      | Reached skill level 4 in Unarmed Combat
  2003 | D:2      | Became a worshipper of Warmaster Okawaru
  2003 | D:2      | Reached * piety under Okawaru
  2003 | D:2      | Reached ** piety under Okawaru
  2737 | D:3      | Gained mutation: Your natural rate of healing is unusually
                  | fast. [Vine Stalker growth]
  2737 | D:3      | Reached XP level 4. HP: 21/24 MP: 5/5
  2757 | D:3      | Identified the +6 war axe "Luass" {holy, Str+6}
  2759 | D:3      | Found a hide-covered altar of Uskayaw.
  2914 | D:3      | Found Uguefy's Magic Scroll Shoppe.
  3185 | D:3      | Reached XP level 5. HP: 27/28 MP: 6/6
  3400 | D:4      | Reached skill level 5 in Unarmed Combat
  3551 | D:4      | Noticed a necrophage
  3593 | D:4      | Reached XP level 6. HP: 30/33 MP: 7/7
  4065 | D:4      | Reached skill level 1 in Armour
  4065 | D:4      | Reached skill level 6 in Unarmed Combat
  4322 | D:5      | Entered Level 5 of the Dungeon
  4322 | D:5      | Noticed a necrophage
  4333 | D:5      | Killed a necrophage
  4334 | D:5      | Reached XP level 7. HP: 36/38 MP: 8/8
  4439 | D:5      | Identified the +1 robe "Yhebeasud" {*Corrode *Slow rElec
                  | rPois}
  4490 | D:5      | Reached *** piety under Okawaru
  4598 | D:5      | Found a staircase to the Ecumenical Temple.
  4963 | D:5      | Reached skill level 5 in Fighting
  5245 | D:6      | Gained mutation: You have razor-sharp teeth. [Vine Stalker
                  | growth]
  5245 | D:6      | Reached XP level 8. HP: 43/43 MP: 9/9
  5306 | D:6      | Found a stormy altar of Qazlal.
  5331 | D:6      | Reached skill level 7 in Unarmed Combat
  5408 | D:6      | Received a gift from Okawaru
  5587 | D:6      | Reached **** piety under Okawaru
  5639 | D:6      | Reached skill level 8 in Unarmed Combat
  5696 | D:6      | Reached XP level 9. HP: 48/48 MP: 10/10
  5965 | D:7      | Noticed Pikel
  6020 | D:7      | Killed Pikel
  6021 | D:7      | Reached skill level 5 in Armour
  6021 | D:7      | Reached skill level 9 in Unarmed Combat
  6268 | D:7      | Found a broken altar of Ashenzari.
  6276 | D:7      | Reached ***** piety under Okawaru
  6311 | D:7      | Noticed a cyclops
  6462 | D:7      | Reached skill level 10 in Unarmed Combat
  6553 | D:7      | Reached skill level 1 in Invocations
  6682 | D:7      | Received a gift from Okawaru
  6749 | D:8      | Noticed a two-headed ogre
  7046 | D:8      | Reached XP level 10. HP: 40/53 MP: 8/12
  7179 | D:8      | Noticed Erica
  7187 | D:8      | Killed Erica
  7333 | D:8      | Reached skill level 11 in Unarmed Combat
  7347 | D:8      | Noticed Maggie
  7358 | D:8      | Killed Maggie
  7621 | D:8      | Found a staircase to the Lair.
  7660 | D:8      | Noticed Harold
  7810 | D:8      | Killed Harold
  7816 | D:8      | Killed a two-headed ogre
  8345 | D:9      | Reached XP level 11. HP: 53/58 MP: 15/15
  8357 | D:9      | Reached skill level 12 in Unarmed Combat
  8626 | D:9      | Found a bloodstained altar of Trog.
  9138 | D:10     | Entered Level 10 of the Dungeon
  9200 | D:9      | Reached skill level 5 in Invocations
  9265 | D:10     | Found an iron altar of Okawaru.
  9431 | D:10     | Identified the +6 hunting sling "Lanaid" {flame, Will++
                  | Str+4} (Okawaru gifted it to you on level 10 of the
                  | Dungeon)
  9431 | D:10     | Received a gift from Okawaru
  9717 | D:10     | Noticed a sixfirhy
  9783 | Lair:1   | Entered Level 1 of the Lair of Beasts
  9951 | Lair:1   | Noticed Fannar
  9972 | Lair:1   | Killed Fannar
 10426 | Lair:1   | Reached skill level 13 in Unarmed Combat
 10590 | Lair:2   | Reached ****** piety under Okawaru
 10678 | Lair:2   | Received a gift from Okawaru
 10678 | Lair:2   | Found the +13 scythe of Curses {drain, Drain}
 10833 | Lair:2   | Reached XP level 12. HP: 49/65 MP: 10/17
 11288 | Lair:2   | Noticed a seven-headed hydra
 11854 | Lair:2   | Found a staircase to the Swamp.
 12008 | Lair:2   | Noticed Gastronok
 12071 | Lair:2   | Killed Gastronok
 12072 | Lair:2   | Reached skill level 14 in Unarmed Combat
 12235 | Lair:2   | Killed a seven-headed hydra
 12235 | Lair:2   | Received a gift from Okawaru
 13111 | Lair:3   | Slain by a culicivora

Illustrated notes

Levels and vault maps discovered:
D:1:      minmay_arrival_jagged, layout_loops_cross, serial_shops,
          nicolae_shop_stone, shapermc_ecumenical_altar_gd
D:2:      layout_basic, basic_altar, kennysheep_generic_room_2
D:3:      layout_basic, general_overflow_altar, serial_shops, shop,
          minmay_randomly_rotated_circles
D:4:      layout_basic
D:5:      layout_loops_ring, temple_pool_b
D:6:      layout_basic, mainiacjoe_overflow_small_starburst,
          roderic_roman_lattice
D:7:      layout_rooms, kennysheep_mini, grunt_potential, uniq_pikel
D:8:      layout_layer_cave, dpeg_oklobed_lair, grunt_decor_mini_mirrors,
          uniq_harold, uniq_erica, uniq_maggie
D:9:      layout_loops_cross, trog_book, hangedman_decor_lopped
D:10:     layout_cave_pools, okawaru_ov_weapons_minmay,
          kennysheep_vampire_church
Lair:1:   layout_regular_city, serial_rivers, chequers_serial_rivers_small_a,
          chequers_serial_rivers_small_b, chequers_serial_rivers_micro_e,
          chequers_serial_rivers_room_b, infiniplex_staircase_pool_2,
          uniq_fannar
Lair:2:   layout_concentric_octagons, minmay_swamp_entry_worms,
          grunt_forest_stairs_basic, uniq_gastronok
Lair:3:   layout_chaotic_city, hellmonk_spider_entry_life_and_decay,
          lemuel_fruit_tree, serial_bayou_shore_a

Skill      XL: |  1  2  3  4  5  6  7  8  9 10 11 12 |
---------------+-------------------------------------+-----
Fighting       | 3 4 5 6 7 8 9 |  9.6
Unarmed Combat | 4 5 6 8 10 11 13 14 | 14.1
Armour         | 1 2 4 5 6 7 8 |  8.5
Invocations    | 2 4 6 |  6.0
Dodging        | |  2.4
Stealth        | |  2.4

Action                   |  1- 3 |  4- 6 |  7- 9 | 10-12 || total
-------------------------+-------+-------+-------+-------++-------
Melee: Unarmed           |   113 |   135 |   259 |   426 ||   933
       Bite              |    18 |    33 |    73 |   139 ||   263
       Punch             |     1 |     2 |     8 |    39 ||    50
 Fire: Hunting sling     |    28 |    41 |    64 |   151 ||   284
Invok: Heroism           |       |       |     1 |     3 ||     4
Evoke: Wand              |       |       |    11 |    18 ||    29
  Use: Scroll            |       |    12 |     8 |     3 ||    23
       Potion            |       |       |     1 |       ||     1
 Stab: Sleeping          |     1 |       |     3 |     1 ||     5
       Distracted        |       |       |     1 |       ||     1
Armor: Robe              |    16 |       |       |       ||    16
       Leather armour    |     4 |       |       |       ||     4
       Ring mail         |       |    44 |    94 |       ||   138
       Chain mail        |       |       |    33 |    14 ||    47
       Swamp dragon scal |       |       |       |   133 ||   133
Dodge: Dodged            |    71 |    57 |   141 |   197 ||   466
